 Dungeon Crawl Stone Soup version 0.28.0-53-g5a82cb258f (webtiles) character file.

Game seed: 6238005588887765300

35 nickcage the Digger (level 3, -1/19 HPs)
             Began as a Deep Elf Earth Elementalist on May 20, 2022.
             Was a Believer of Dithmenos.
             Slain by an adder (2 damage)
             ... on level 2 of the Dungeon.
             The game lasted 00:04:06 (991 turns).

nickcage the Digger (Deep Elf Earth Elementalist)    Turns: 991, Time: 00:04:07

Health: -1/19      AC:  3    Str:  5    XL:     3   Next: 16%
Magic:  3/9        EV: 12    Int: 21    God:    Dithmenos [**....]
Gold:   8          SH:  0    Dex: 15    Spells: 2/8 levels left

rFire   . . .      SeeInvis .   (no weapon)
rCold   . . .      Faith    .   (no shield)
rNeg    . . .      Spirit   .   b - +0 robe
rPois   .          Reflect  .   (no helmet)
rElec   .          Harm     .   (no cloak)
rCorr   .          Rampage  .   a - +0 pair of gloves
Will    .....                   (no boots)
Stlth   +++.......              (no amulet)
HPRegen 0.06/turn               (no ring)
MPRegen 0.11/turn               (no ring)

@: very slightly contaminated, wreathed by umbra
A: no striking features
a: Renounce Religion, Shadow Step


You were on level 2 of the Dungeon.
You worshipped Dithmenos.
Dithmenos was pleased with you.
You visited 1 branch of the dungeon, and saw 2 of its levels.

You collected 8 gold pieces.

Inventory:

Hand Weapons
 d - a +0 mace
Armour
 a - a +0 pair of gloves (worn)
 b - a +0 robe (worn)
Potions
 c - a potion of mutation {unknown}
 e - a potion of heal wounds {unknown}


   Skills:
 - Level 2.4 Dodging
 - Level 2.4 Stealth
 - Level 3.0 Spellcasting
 * Level 1.3 Transmutations
 + Level 4.7 Earth Magic


You had 2 spell levels left.
You knew the following spells:

 Your Spells              Type           Power      Damage    Failure   Level
a - Sandblast             Erth           44%        2d11      1%          1
b - Passwall              Tmut/Erth      12%        N/A       6%          2
c - Stone Arrow           Conj/Erth      26%        3d8       16%         3

Your spell library contained the following spells:

 Spells                   Type           Power      Damage    Failure   Level
 Petrify                  Tmut/Erth      15%        N/A       36%         4


Dungeon Overview and Level Annotations

Branches:
Dungeon (2/15)

Altars:
Dithmenos
Sif Muna


Message History

You are more poisoned.
The adder poisons you!
You closely miss the adder.
You feel very sick. The adder barely misses you.
You hit the adder.
The adder is heavily wounded.
You feel sick. The adder misses you. x2
You miss the adder.
The adder is heavily wounded.
You feel sick. The adder closely misses you. The adder bites you.
* * * LOW HITPOINT WARNING * * *
You closely miss the adder.
The adder is heavily wounded.
You feel sick. The adder barely misses you. x2
You miss the adder.
The adder is heavily wounded.
You feel sick. The adder barely misses you. The adder bites you.
* * * LOW HITPOINT WARNING * * *
You closely miss the adder.
The adder is heavily wounded.
* * * LOW HITPOINT WARNING * * *
You feel sick.
You are no longer poisoned.
The adder barely misses you.
You are too injured to fight recklessly!
Aiming: Stone Arrow (extremely dangerous; 16% risk of failure)
Press: ? - help, Q - select action, (/) - cycle Shift-Dir - straight line, f - adder
Aim: an adder (heavily wounded, umbra, 48% to hit)
You miscast Stone Arrow.
You are very lightly contaminated with residual magic.
Nothing appears to happen.
The adder bites you but does no damage. The adder closely misses you.
You are now empty-handed.
Aiming: Stone Arrow (extremely dangerous; 16% risk of failure)
Press: ? - help, Q - select action, (/) - cycle Shift-Dir - straight line, f/p - adder
Aim: an adder (heavily wounded, umbra, 48% to hit)
The stone arrow misses the adder.
The stone arrow misses the goblin.
The adder bites you.
You die...

#.##.# ...
#######.##.##<
...
..............
...
#######.##.##>
#.#
########.##.#
#.# #........#
#.# #.########
#.##.#####.#
#....gS@...#
#####.######
#.# #.# #.#
#.# #.# #.#


You could see an adder and a goblin.

Vanquished Creatures
  A dart slug (D:1)
  2 bats (D:1)
  5 endoplasms
  2 giant cockroaches (D:1)
  A goblin (D:1)
  3 hobgoblins (D:1)
  3 jackals (D:1)
  3 quokkas
  2 ball pythons (D:1)
  3 frilled lizards
  3 rats (D:1)
28 creatures vanquished.

Notes
Turn   | Place    | Note
-------+----------+-------------------------------------------
     0 | D:1      | nickcage the Deep Elf Earth Elementalist began the quest
                  | for the Orb.
     0 | D:1      | Reached XP level 1. HP: 10/10 MP: 6/6
    25 | D:1      | Found a faded altar of an unknown god.
    64 | D:1      | Prayed at the altar of an unknown god.
    64 | D:1      | Became a worshipper of Dithmenos the Shadowed
    64 | D:1      | Reached * piety under Dithmenos
   122 | D:1      | Reached XP level 2. HP: 11/15 MP: 2/8
   123 | D:1      | Reached skill level 4 in Earth Magic
   357 | D:1      | Learned a level 2 spell: Passwall
   620 | D:1      | Reached XP level 3. HP: 19/19 MP: 9/9
   624 | D:1      | Learned a level 3 spell: Stone Arrow
   885 | D:2      | Found a shimmering blue altar of Sif Muna.
   895 | D:2      | Reached ** piety under Dithmenos
   991 | D:2      | Slain by an adder

Illustrated notes

Levels and vault maps discovered:
D:1:      psy_arrival_radial02, layout_rooms,
          hellmonk_ecumenical_altar_pennies_from_heaven
D:2:      layout_loops_ring, basic_altar

Skill      XL: |  1  2 |
---------------+-------+-----
Earth Magic    | 4 |  4.7
Dodging        | |  2.4
Stealth        | |  2.4
Spellcasting   | |  3.0
Transmutations | |  1.3

Action                   || total
-------------------------++-------
Melee: Mace              ||    22
       Unarmed           ||     3
 Cast: Sandblast         ||    30
       Stone Arrow       ||     1
 Stab: Sleeping          ||     4
Armor: Robe              ||     7
Dodge: Dodged            ||    33
